 Dungeon Crawl Stone Soup version 0.24.1-14-gf8d2b509d9 (webtiles) character file.

Game seed: 15587107458715215029, levelgen mode: deterministic

88672 tkbsonic5 the Grappler (level 15, -21/131 (136) HPs)
             Began as a Ghoul Monk on Sept 16, 2023.
             Was a High Priest of Okawaru.
             Killed from afar by a fire dragon (46 damage)
             ... with a blast of flame
             ... on level 15 of the Dungeon on Sept 26, 2023.
             The game lasted 01:30:24 (24933 turns).

tkbsonic5 the Grappler (Ghoul Monk)                Turns: 24933, Time: 01:30:25

HP:   -21/131 (136) AC: 27    Str: 29    XL:     15   Next: 94%
MP:   16/22         EV: 17    Int:  5    God:    Okawaru [*****.]
Gold: 1772          SH:  0    Dex: 17    Spells: 14/14 levels left

rFire    . . .     SeeInvis .   d - +9 quarterstaff of the Omega Point {crush, +Rage rPois Str+7}
rCold    + . .     Gourm    .   (shield currently unavailable)
rNeg     + + +     Faith    .   A - +3 plate armour {Isadore, Experienced WarGhoul}
rPois    ∞         Spirit   .   u - +2 hat {MR+} {RIiiiiiiiiiight, Nao!}
rElec    .         Reflect  .   R - +2 cloak {+Inv}
rCorr    .         Harm     .   o - +0 pair of gloves {Conductor's Gloves}
MR       ++...                  x - +0 pair of boots {These shits feyo (Jose Conseco)}
Stlth    ..........             p - amulet of regeneration
HPRegen  0.00/turn              i - +1 ring of slaying {Chain Popper}
MPRegen  0.18/turn              w - +6 ring of dexterity

@: heroism, finesse, rotting, studying Maces & Flails
A: rotting body, claws 1, carnivore, cold resistance 1, negative energy
resistance 3, inhibited regeneration, torment resistance, unbreathing
a: Heroism, Finesse, Renounce Religion, Evoke Invisibility


You were on level 15 of the Dungeon.
You worshipped Okawaru.
Okawaru was extremely pleased with you.
You were not hungry.

You visited 2 branches of the dungeon, and saw 21 of its levels.

You collected 2263 gold pieces.
You spent 491 gold pieces at shops.

Inventory:

Hand Weapons
 d - the +9 quarterstaff of the Omega Point (weapon) {crush, +Rage rPois Str+7}
   (Okawaru gifted it to you on level 5 of the Lair of Beasts)

   It inflicts extra damage upon your enemies.
   It affects your strength (+7).
   It protects you from poison.
   It lets you go berserk.
 g - a +3 great mace of protection
 j - a +3 vampiric lajatang
 q - the +8 quarterstaff "Xoet Kall" {drain, rN+ MR- Int+8}
   (Okawaru gifted it to you on level 3 of the Lair of Beasts)

   A truly terrible weapon, it drains the life of those it strikes.
   It affects your intelligence (+8).
   It protects you from negative energy.
   It affects your resistance to hostile enchantments.
 G - a +2 quarterstaff of protection
 I - the +9 hand axe "Ritavvy" {venom, *Corrode rElec rN+++ Dex+5}
   (You found it on level 6 of the Dungeon)

   It poisons the flesh of those it strikes.
   It affects your dexterity (+5).
   It insulates you from electricity.
   It renders you almost immune to negative energy.
   It may corrode you when you take damage.
Missiles
 h - a silver javelin
 m - 66 poisoned darts
 t - 15 atropa-tipped darts
 E - 8 javelins (quivered) {UNDEAD=NOPOISON}
 H - 6 boomerangs
 N - 2 datura-tipped darts
Armour
 o - a +0 pair of gloves (worn) {Conductor's Gloves}
 u - a +2 hat of magic resistance (worn) {RIiiiiiiiiiight, Nao!}
 x - a +0 pair of boots (worn) {These shits feyo (Jose Conseco)}
 A - a +3 plate armour (worn) {Isadore, Experienced WarGhoul}
 J - a scarf of resistance
 R - a +2 cloak of invisibility (worn)
Jewellery
 i - a +1 ring of slaying (left hand) {Chain Popper}
 p - an amulet of regeneration (around neck)
 w - a +6 ring of dexterity (right hand)
 y - an uncursed amulet of faith
 F - an uncursed amulet of the acrobat {My Mathematics Is Rare}
 L - an uncursed ring of resist corrosion
 W - a +3 ring of intelligence
Wands
 e - a wand of polymorph (7)
 n - a wand of acid (4)
 v - a wand of iceblast (27)
 O - a wand of digging (5)
 Y - a wand of random effects (38)
Scrolls
 c - 10 scrolls of remove curse
 l - 8 scrolls of teleportation
 r - a scroll of fear
 D - 2 scrolls of identify
 M - a scroll of blinking
 U - 2 scrolls of magic mapping
Potions
 a - a potion of heal wounds
 z - 4 potions of flight
 C - 4 potions of curing
 K - 2 potions of cancellation
 Q - 3 potions of magic
 S - a potion of agility
 V - 2 potions of resistance
 Z - a potion of haste
Books
 k - a manual of Maces & Flails
Miscellaneous
 f - a fan of gales
 s - a phial of floods (inert)
 B - a box of beasts
 P - a crystal ball of energy
 T - a lamp of fire (inert)
 X - a crystal ball of energy
Comestibles
 b - 29 rations


   Skills:
 * Level 13.4(18.4) Fighting
 - Level 1.7(7.5) Axes
 + Level 2.8(10.8) Maces & Flails
 * Level 7.7(12.9) Staves
 + Level 7.3(12.3) Throwing
 + Level 8.1(13.1) Armour
 + Level 9.4(14.4) Dodging
 - Level 2.6(7.6) Stealth
 - Level 14.0(19.0) Unarmed Combat
 * Level 10.7 Invocations
 * Level 8.8 Evocations


You had 14 spell levels left.
You didn't know any spells.
Your spell library contained the following spells:

 Spells                   Type           Power        Failure   Level  Hunger
 Sandblast                Erth           #.....       98%         1    ##.....
 Summon Small Mammal      Summ           #...         98%         1    ##.....
 Call Imp                 Summ           #.......     99%         2    ###....
 Passwall                 Tmut/Erth      #.......     99%         2    ###....
 Call Canine Familiar     Summ           #.......     100%        3    ####...
 Recall                   Summ/Tloc      N/A          100%        3    ####...
 Summon Guardian Golem    Hex/Summ       #.......     100%        3    ####...
 Summon Ice Beast         Ice/Summ       #.......     100%        4    #####..
 Summon Lightning Spire   Summ/Air       #.......     100%        4    #####..
 Aura of Abjuration       Summ           #.........   100%        5    ######.
 Summon Demon             Summ           #.........   100%        5    ######.
 Summon Forest            Summ/Tloc      #.........   100%        5    ######.
 Summon Mana Viper        Hex/Summ       #.......     100%        5    ######.
 Shadow Creatures         Summ           N/A          100%        6    #######
 Spellforged Servitor     Conj/Summ      #.........   100%        7    #######


Dungeon Overview and Level Annotations

Branches:
Dungeon (15/15)            Temple (0/1) D:5            Lair (6/6) D:8
 Shoals (0/4) Lair:4       Spider (0/4) Lair:3        Slime (0/5) Lair:6
    Orc (0/2) D:10         Vaults (0/5) D:13
 Depths: D:15

Altars:
Dithmenos
Gozag
Kikubaaqudgha
Okawaru
Ru
Uskayaw
Wu Jian
Xom
The Shining One
Jiyva

Shops:
D:9 [?*}   D:10 [   D:14 *

Portals:
Trove: D:14 (lose all piety)

Annotations:
D:11 3 runed translucent doors, tkbsonic5's ghost, journeyman VSAs
Lair:3 exclusion: 4 oklob plants


Innate Abilities, Weirdness & Mutations

Your body is rotting away.
You thrive on raw meat.
You are immune to poison.
You have sharp fingernails.
You are carnivorous and can eat meat at any time.
Your flesh is cold resistant. (rC+)
You are immune to negative energy. (rN+++)
You do not regenerate when monsters are visible.
You are immune to unholy pain and torment.
You can survive without breathing.


Message History

* * * LOW HITPOINT WARNING * * *
The fire dragon misses you. The fire dragon barely misses you.
Unknown command.
You feel better.
The fire dragon bites you but does no damage.
The fire dragon claws you but does no damage.
The fire dragon tramples you but does no damage.
A cyclops comes into view.
Evoke which item? (* to show all) (? for menu, Esc to quit)
Okay, then.
You thump the fire dragon!
The fire dragon is almost dead.
The centaur warrior skeleton hits you but does no damage.
You sock the fire dragon!
The fire dragon is almost dead.
You hit the fire dragon.
The fire dragon is almost dead.
The fire dragon breathes flames at you. The blast of flame hits you!!!
You die...

..# ..# #.#
#.# #[# #
#.## ####
#.#Z.##.....
#..D@...#
#.C##.####
.... #.##
#.## #..# .
##.##
#..##########
##...........
#....########
.....#.##


You could see a fire dragon, a cyclops and a centaur warrior skeleton.

Vanquished Creatures
  Gastronok (Lair:3)
  Nessos (Lair:4)
  Josephine (D:12)
  Harold (D:7)
  Fannar (D:11)
  6 hydras
  A centaur warrior (D:13)
  6 two-headed ogres
  Urug (Lair:3)
  2 unseen horrors
  A deep troll (D:13)
  A wizard (D:13)
  An orc knight (D:10)
  13 ugly things
  3 deep elf magi
  A manticore (shapeshifter) (D:13)
  2 wolf spiders (Lair:6)
  4 cyclopes
  7 black mambas
  9 elephants
  Maurice (D:10)
  A merfolk siren (Lair:4)
  A guardian serpent (Lair:6)
  17 spiny frogs
  A gargoyle (D:12)
  7 rime drakes
  An efreet (D:13)
  A yaktaur (shapeshifter) (D:13)
  4 komodo dragons
  A redback zombie (D:15)
  A freezing wraith (D:13)
  3 hornets
  A queen bee (Lair:3)
  11 polar bears
  3 trolls
  2 raiju (Lair:6)
  8 slime creatures (D:14)
  15 blink frogs
  24 hippogriffs
  26 wyverns
  3 redbacks (Lair:6)
  3 shadows (D:14)
  6 wraiths
  A vampire (D:15)
  2 steam dragons
  34 yaks
  A golden eye (shapeshifter) (D:13)
  6 vampire mosquitoes
  4 basilisks
  3 hungry ghosts
  Menkaure (D:6)
  A soldier ant (D:11)
  4 wargs (Lair:6)
  2 acid dragons
  27 water moccasins
  14 porcupines
  2 sky beasts
  15 hell hounds (Lair:6)
  An ice beast (D:7)
  16 black bears
  6 orc warriors
  A necrophage (D:8)
  3 phantoms
  8 centaurs
  24 wolves
  An ogre (D:8)
  18 crocodiles
  3 big kobolds
  10 bullfrogs
  A gnoll sergeant (D:7)
  A water moccasin zombie (D:8)
  A wyvern skeleton (D:9)
  8 scorpions
  40 killer bees
  14 wights
  An electric eel (Lair:4)
  11 crimson imps
  A bullfrog zombie (D:8)
  5 centaur skeletons
  3 centaur zombies
  5 hounds
  6 bullfrog skeletons
  8 orc priests
  5 jellies
  2 iguanas
  A hell rat (Lair:3)
  9 worker ants
  4 orc wizards
  A hound skeleton (D:8)
  A worker ant zombie (D:11)
  12 adders
  13 gnolls
  A howler monkey skeleton (D:7)
  3 shadow imps
  6 oozes
  3 adder skeletons
  3 worms
  A dart slug (D:2)
  2 leopard geckos
  42 orcs
  7 bats
  6 giant cockroaches
  7 goblins
  8 hobgoblins
  2 jackals (D:1)
  15 kobolds
  2 quokkas
  A ball python (D:5)
  7 frilled lizards
  A leopard gecko skeleton (D:8)
  8 rats
  3 fungi (Lair:6)
  A plant (Lair:6)
694 creatures vanquished.

Vanquished Creatures (collateral kills)
  Rupert (Lair:3)
  2 slime creatures (D:14)
  2 wraiths (D:12)
  A porcupine (Lair:5)
  A crocodile (Lair:3)
  4 killer bees (Lair:3)
11 creatures vanquished.

Vanquished Creatures (others)
  17 fungi
  14 plants
31 creatures vanquished.

Grand Total: 736 creatures vanquished

Notes
Turn   | Place    | Note
-------+----------+-------------------------------------------
     0 | D:1      | tkbsonic5 the Ghoul Monk began the quest for the Orb.
     0 | D:1      | Reached XP level 1. HP: 19/19 MP: 0/0
   131 | D:1      | Reached XP level 2. HP: 24/26 MP: 1/1
   517 | D:2      | Reached XP level 3. HP: 28/32 MP: 2/2
   566 | D:2      | Reached skill level 7 in Unarmed Combat
   566 | D:2      | Reached XP level 4. HP: 11/47 MP: 3/3
   570 | D:2      | Reached skill level 12 in Unarmed Combat
   570 | D:2      | Reached XP level 5. HP: 13/52 MP: 4/4
  1591 | D:3      | Reached XP level 6. HP: 42/60 MP: 5/5
  1830 | D:3      | Found an ancient bone altar of Kikubaaqudgha.
  2194 | D:3      | Found an iron altar of Okawaru.
  2233 | D:3      | Became a worshipper of Warmaster Okawaru
  2233 | D:3      | Reached * piety under Okawaru
  2233 | D:3      | Reached ** piety under Okawaru
  2484 | D:4      | Noticed a sky beast
  2496 | D:4      | Killed a sky beast
  2534 | D:4      | Found an ornate altar of the Wu Jian Council.
  2553 | D:4      | Reached XP level 7. HP: 53/67 MP: 6/6
  2985 | D:4      | Reached skill level 1 in Invocations
  3301 | D:4      | Found a shimmering altar of Xom.
  3319 | D:4      | Reached *** piety under Okawaru
  3325 | D:4      | Reached XP level 8. HP: 55/74 MP: 7/7
  3558 | D:5      | Entered Level 5 of the Dungeon
  3568 | D:5      | Reached skill level 1 in Armour
  3641 | D:5      | Found a hide-covered altar of Uskayaw.
  3648 | D:5      | Reached skill level 1 in Throwing
  3871 | D:5      | Found a staircase to the Ecumenical Temple.
  4013 | D:5      | You fall into a shaft and drop 1 floor!
  4027 | D:6      | Reached skill level 1 in Evocations
  4446 | D:6      | Got a steaming hand axe
  4488 | D:6      | Identified the +9 hand axe "Ritavvy" {venom, *Corrode rElec
                  | rN+++ Dex+5} (You found it on level 6 of the Dungeon)
  4837 | D:6      | Noticed Menkaure
  4842 | D:6      | Killed Menkaure
  4944 | D:7      | Reached **** piety under Okawaru
  5001 | D:7      | Reached XP level 9. HP: 73/81 MP: 7/9
  5128 | D:7      | Noticed Harold
  5143 | D:7      | Killed Harold
  5176 | D:7      | Reached ***** piety under Okawaru
  5285 | D:7      | You fall into a shaft and drop 1 floor!
  5313 | D:8      | Reached XP level 10. HP: 85/90 MP: 6/10
  5344 | D:8      | Found a staircase to the Lair.
  5696 | D:8      | Reached skill level 13 in Unarmed Combat
  6090 | D:9      | Found a shadowy altar of Dithmenos.
  6104 | D:9      | Received a gift from Okawaru
  6462 | D:9      | Found a sacrificial altar of Ru.
  6746 | D:9      | Found Wisejo's Gadget Shoppe.
  6820 | D:9      | Found Serhis's Assorted Antiques.
  6821 | D:9      | Found Ril Beor's Magic Scroll Boutique.
  6897 | D:9      | Bought a scroll of identify for 30 gold pieces
  6897 | D:9      | Bought a scroll of blinking for 112 gold pieces
  6897 | D:9      | Bought a scroll of enchant armour for 112 gold pieces
  6912 | D:9      | Bought a lumpy white potion for 23 gold pieces
  6912 | D:9      | Bought a scroll labeled NAMOATERO for 26 gold pieces
  6912 | D:9      | Bought a scroll labeled SUKHIAF CURHOM for 26 gold pieces
  6955 | D:9      | Found a glowing golden altar of the Shining One.
  6983 | D:9      | Reached XP level 11. HP: 59/93 MP: 8/12
  6986 | D:9      | Found Orchoj's Antique Armour Shoppe.
  7379 | D:10     | Entered Level 10 of the Dungeon
  7673 | D:10     | Noticed Maurice
  7679 | D:10     | Killed Maurice
  7714 | D:10     | Found Egullul's Armour Shop.
  7745 | D:10     | Found a staircase to the Orcish Mines.
  7747 | D:10     | Noticed an orc knight
  7763 | D:10     | Killed an orc knight
  8203 | D:11     | Found a runed translucent gate.
  8203 | D:11     | Found a runed translucent gate.
  8203 | D:11     | Found a runed translucent gate.
  8206 | D:11     | Found an opulent altar of Gozag.
  8215 | D:11     | Noticed Fannar
  8238 | D:11     | Killed Fannar
  8252 | D:11     | Noticed a two-headed ogre
  8523 | D:11     | Received a gift from Okawaru
  8526 | D:11     | Killed a two-headed ogre
  8868 | D:11     | Noticed a two-headed ogre
  8880 | D:11     | Killed a two-headed ogre
  8880 | D:11     | Reached skill level 5 in Armour
  8880 | D:11     | Reached skill level 5 in Invocations
  8886 | D:11     | Noticed a white ugly thing
  8898 | D:11     | Killed a white ugly thing
  9282 | D:11     | Noticed a two-headed ogre
  9287 | D:11     | Killed a two-headed ogre
  9287 | D:11     | Reached skill level 10 in Fighting
  9293 | D:11     | Noticed a sphinx
  9295 | D:11     | Noticed tkbsonic5's ghost (journeyman VSAs)
  9524 | Lair:1   | Entered Level 1 of the Lair of Beasts
  9558 | D:8      | Reached XP level 12. HP: 79/104 MP: 8/15
  9602 | Lair:1   | Received a gift from Okawaru
  9998 | Lair:1   | Reached skill level 5 in Evocations
 10158 | Lair:1   | Reached ****** piety under Okawaru
 10375 | Lair:1   | Received a gift from Okawaru
 10696 | Lair:2   | Reached skill level 1 in Staves
 11119 | Lair:2   | Noticed a six-headed hydra
 11139 | Lair:2   | Killed a six-headed hydra
 11780 | Lair:3   | Noticed Urug
 11789 | Lair:3   | Killed Urug
 11797 | Lair:3   | Reached skill level 14 in Unarmed Combat
 11827 | Lair:3   | Found a hole to the Spider Nest.
 12062 | Lair:3   | Received a gift from Okawaru
 12085 | Lair:3   | Reached skill level 1 in Axes
 12104 | Lair:3   | Reached XP level 13. HP: 52/113 MP: 10/17
 12195 | Lair:3   | Reached skill level 5 in Throwing
 12434 | Lair:3   | Noticed Rupert
 12446 | Lair:3   | Noticed Gastronok
 12751 | Lair:3   | Killed Rupert
 12751 | Lair:3   | Received a gift from Okawaru
 12864 | Lair:3   | Got a smoking quarterstaff {god gift}
 12867 | Lair:3   | Identified the +8 quarterstaff "Xoet Kall" {drain, rN+ MR-
                  | Int+8} (Okawaru gifted it to you on level 3 of the Lair of
                  | Beasts)
 12993 | Lair:3   | Received a gift from Okawaru
 13027 | Lair:3   | Killed Gastronok
 13027 | Lair:3   | Received a gift from Okawaru
 13323 | Lair:3   | Got a thick robe
 13702 | Lair:3   | Identified the +1 robe of Lesser Demons {Str+4} (You found
                  | it on level 3 of the Lair of Beasts)
 14065 | Lair:4   | Found a dark tunnel.
 14404 | Lair:4   | Noticed Nessos
 14409 | Lair:4   | Killed Nessos
 14409 | Lair:4   | Received a gift from Okawaru
 14952 | Lair:4   | Found a staircase to the Shoals.
 15338 | Lair:5   | Received a gift from Okawaru
 15893 | Lair:5   | Reached XP level 14. HP: 106/121 MP: 10/19
 15913 | Lair:5   | Identified the Almanac of the Creative Mountains
 16090 | Lair:5   | Received a gift from Okawaru
 16100 | Lair:5   | Reached skill level 5 in Staves
 16164 | Lair:5   | Got an ichor-stained quarterstaff {god gift}
 16166 | Lair:5   | Identified the +9 quarterstaff of the Omega Point {crush,
                  | +Rage rPois Str+7} (Okawaru gifted it to you on level 5 of
                  | the Lair of Beasts)
 16581 | Lair:5   | Received a gift from Okawaru
 16712 | Lair:6   | Entered Level 6 of the Lair of Beasts
 16745 | Lair:6   | Found a viscous altar of Jiyva.
 16745 | Lair:6   | Found a staircase to the Slime Pits.
 17280 | Lair:6   | Received a gift from Okawaru
 17533 | Lair:6   | Received a gift from Okawaru
 18745 | Lair:6   | Received a gift from Okawaru
 19009 | Lair:6   | Received a gift from Okawaru
 19049 | Lair:6   | Reached XP level 15. HP: 82/128 MP: 18/21
 21010 | D:12     | Noticed Josephine
 21015 | D:12     | Killed Josephine
 21406 | D:13     | Reached skill level 10 in Invocations
 22245 | D:13     | Received a gift from Okawaru
 22273 | D:13     | Found a gate to the Vaults.
 22398 | D:13     | Reached skill level 1 in Maces & Flails
 22817 | D:13     | Found a shadowy altar of Dithmenos.
 23578 | D:14     | Received a gift from Okawaru
 23692 | D:14     | Found Fetrusse's Changing Room.
 23795 | D:14     | Bought a wand of polymorph (7) for 162 gold pieces
 23897 | D:14     | Found a portal to a secret trove of treasure.
 23918 | D:14     | Identified the +4 great sword of Wulaem {slice, Int+3}
 24755 | D:15     | Entered Level 15 of the Dungeon
 24933 | D:15     | Killed from afar by a fire dragon

Levels and vault maps discovered:
D:1:      wander_arrival_peaceful_grave, layout_rooms, hex_intersection
D:2:      layout_basic, first_ration
D:3:      layout_basic, marbit_many_paths, okawaru_ov_weapons_minmay
D:4:      layout_loops_cross, led_xom_imps, old_standard_altar
D:5:      layout_loops_corners, eat_drink_and_be_merry_uskayaw,
          nicolae_overflow_hidden_temple, minmay_temple_entry_waves
D:6:      layout_basic, wad_woods_river_04, uniq_menkaure
D:7:      minmay_s_stair_smasher, layout_basic, kennysheep_mini, st_stairs_2,
          uniq_harold
D:8:      layout_basic, lair_entry_dummy
D:9:      layout_cave_pools, nicolae_ru_awakened_eye, overflow_temple_1_default,
          basic_altar, serial_shops, shop, shop, shop, shop_fountains
D:10:     layout_loops_ring, orc_david_3, hangedman_little_slice_of_home,
          corexii_checkpoint_a, uniq_maurice
D:11:     layout_basic, ebering_ghost_gozag, uniq_fannar
D:12:     layout_cave_pools, minmay_between, uniq_josephine
D:13:     layout_loops_corners, david_vaults_4, grunt_dithmenos_shadows
D:14:     layout_cave_pods, serial_glass, glass_columns_a, glass_columns_a,
          glass_columns_b, glass_columns_a, glass_columns_c, glass_columns_b,
          glass_columns_a, glass_columns_a, glass_columns_a, glass_columns_b,
          glass_columns_a, glass_columns_a, glass_columns_a, glass_columns_a,
          enter_trove_1, nicolae_transmutations_shop
D:15:     gammafunk_enter_depths_forms, layout_rooms, minmay_misc_feat_cross
Lair:1:   layout_gridlike, beast_lair_carwin_9
Lair:2:   layout_regular_city, grunt_megastairs_1
Lair:3:   hangedman_what_comes_after_a, layout_cave_pods,
          nicolae_spider_entry_non_spiders, uniq_urug, uniq_gastronok,
          uniq_rupert
Lair:4:   layout_cave_pods, elwin_shoals_entry_rooms,
          nicolae_volcano_entry_hallway, serial_bayou_shore_b,
          grunt_megastairs_4, uniq_nessos
Lair:5:   layout_layer_cave, special_room [special_room_mythical_zoo]
Lair:6:   hangedman_lair_tendril_chambers, layout_regular_city,
          hangedman_lair_caniforms_friends, slime_altar_1

Skill      XL: |  1  2  3  4  5  6  7  8  9 10 11 12 13 14 15 |
---------------+----------------------------------------------+-----
Fighting       | 7 8 9 10 11 12 13 | 13.4
Dodging        | 6 7 8 9 |  9.4
Unarmed Combat | 7 12 13 14 | 14.0
Invocations    | 1 2 3 5 6 8 9 10 | 10.7
Armour         | 1 3 4 5 6 7 8 |  8.1
Throwing       | 1 2 3 4 6 7 |  7.3
Evocations     | 1 2 3 4 5 6 7 8 |  8.8
Staves         | 2 4 6 7 |  7.7
Axes           | 1 |  1.7
Maces & Flails | 2 |  2.8
Stealth        | |  2.6

Action                   |  1- 3 |  4- 6 |  7- 9 | 10-12 | 13-15 || total
-------------------------+-------+-------+-------+-------+-------++-------
Melee: Unarmed           |    57 |   102 |   232 |   528 |    59 ||   978
       Punch             |     2 |     4 |     7 |    19 |     2 ||    34
       Lajatang          |       |       |       |   103 |   367 ||   470
       Hand axe          |       |       |       |    22 |       ||    22
       Quarterstaff      |       |       |       |       |   775 ||   775
Throw: Javelin           |       |       |    41 |    53 |   188 ||   282
       Dart              |       |       |     1 |    20 |    27 ||    48
       Boomerang         |       |       |       |    36 |    32 ||    68
       Throwing net      |       |       |       |       |     1 ||     1
Invok: Heroism           |       |       |     2 |     8 |    20 ||    30
       Finesse           |       |       |       |     5 |     9 ||    14
 Abil: Evoke Invisibilit |       |       |       |     2 |     3 ||     5
Evoke: Wand              |       |       |     6 |    22 |    27 ||    55
       Lamp of fire      |       |       |       |     2 |     4 ||     6
       Box of beasts     |       |       |       |     1 |     3 ||     4
       Phial of floods   |       |       |       |       |     2 ||     2
  Use: Potion            |     1 |     1 |     1 |     7 |    10 ||    20
       Scroll            |       |     8 |     9 |    20 |    27 ||    64
 Stab: Sleeping          |     2 |     5 |       |       |       ||     7
       Invisible         |       |       |       |     3 |    11 ||    14
       Petrified         |       |       |       |     2 |       ||     2
       Distracted        |       |       |       |       |     1 ||     1
  Eat: Chunk             |       |    11 |     7 |    18 |    20 ||    56
       Ration            |       |       |       |     5 |    15 ||    20
Armor: Robe              |     9 |     3 |       |       |       ||    12
       Ring mail         |       |     6 |    13 |       |       ||    19
       Plate armour      |       |       |   102 |   416 |   761 ||  1279
Dodge: Dodged            |    32 |    56 |   101 |   333 |   782 ||  1304
